 Dungeon Crawl Stone Soup version 0.17-a0-1582-ge6b0260 (webtiles) character file.

4299 Chiseanne the Timeless (level 10, -1/76 HPs)
             Began as a Demonspawn Wanderer on July 28, 2015.
             Was a High Priest of Cheibriados.
             Killed from afar by Chiseanne's ghost (24 damage)
             ... with a flame tongue
             ... on level 9 of the Dungeon.
             The game lasted 00:26:10 (9782 turns).

Chiseanne the Timeless (Demonspawn Wanderer)        Turns: 9782, Time: 00:26:10

Health: -1/76      AC:  8    Str: 28    XL:     10   Next: 11%
Magic:  26/26      EV: 17    Int: 27    God:    Cheibriados [*****.]
Gold:   143        SH:  7    Dex: 26    Spells: 1 memorised, 7 levels left

rFire  . . .     SeeInvis .     d - +2 broad axe (elec)
rCold  + + .     Clarity  .     M - +1 leather armour {rC+}
rNeg   . . .     SustAt   .     v - +2 buckler
rPois  .         Gourm    .     (helmet restricted)
rElec  .         Spirit   .     f - +0 cloak
rCorr  .         Warding  .     (no gloves)
rMut   .         Stasis   .     (no boots)
MR     .....                    (no amulet)
Stlth  ++........               D - ring of wizardry
                                B - ring of magical power

@: very slow, not resistant to hostile enchantments, unstealthy
A: antennae 1, thin metallic scales 1, cold resistance 1, icemail, spiny 1,
freezing cloud immunity
a: Bend Time, Temporal Distortion, Slouch, Step From Time, Renounce Religion


You were on level 9 of the Dungeon.
You worshipped Cheibriados.
Cheibriados was extremely pleased with you.
You were hungry.

You visited 1 branch of the dungeon, and saw 9 of its levels.

You collected 515 gold pieces.
You spent 372 gold pieces at shops.

Inventory:

Hand weapons
 a - a +1 hammer of protection
 d - a +2 broad axe of electrocution (weapon)
 e - a +2 hand crossbow
 g - a +0 broad axe
 s - a +2 hand axe of freezing
 w - a +0 blowgun
Missiles
 b - 94 bolts
 h - 42 poisoned needles
 i - 8 steel sling bullets
 l - 6 poisoned arrows
 p - 27 arrows of flame
 y - 17 tomahawks (quivered)
 A - 29 arrows
Armour
 f - a +0 cloak (worn)
 v - a +2 buckler (worn)
 M - a +1 leather armour of cold resistance (worn)
Jewellery
 m - an uncursed ring of ice
 o - a cursed ring of teleportation
 B - a ring of magical power (left hand)
 D - a ring of wizardry (right hand)
Magical devices
 t - a wand of confusion (21)
 I - a wand of disintegration (14)
Scrolls
 c - 2 scrolls of recharging
 r - 2 scrolls of fog
 x - 5 scrolls of remove curse
 H - 2 scrolls of teleportation
 J - a scroll of identify
 L - 2 scrolls of fear
Potions
 z - 2 potions of flight
 F - 2 potions of lignification
 G - a potion of resistance
Books
 u - a book of Transfigurations

   Spells                             Type                      Level
   a - Stoneskin                      Transmutation/Earth          2
   b - Irradiate                      Conjuration/Transmutation    5
   c - Statue Form                    Transmutation/Earth          6
   d - Hydra Form                     Transmutation                6
   e - Dragon Form                    Transmutation                7
Comestibles
 j - 7 bread rations
 k - 3 meat rations
 n - 2 slices of pizza
 q - 2 beef jerkies
 E - 4 fruits


   Skills:
 + Level 6.0 Fighting
 - Level 3.6 Crossbows
 * Level 7.9 Armour
 + Level 5.5 Dodging
 - Level 1.0 Stealth
 - Level 1.0 Shields
   Level 1.0 Charms
 - Level 1.7 Transmutations
 * Level 10.4 Invocations


You had 7 spell levels left.
You knew the following spells:

 Your Spells              Type           Power        Failure   Level  Hunger
a - Stoneskin             Trmt/Erth      #.......     10%         2    ###....


Dungeon Overview and Level Annotations

Branches:
Dungeon (9/15)             Temple (0/1) D:4            Lair (0/8) D:9
    Orc: D:9-12

Altars:
Ashenzari
Cheibriados
Dithmenos
Gozag
Kikubaaqudgha
Makhleb
Okawaru
Ru
Sif Muna
Xom
The Shining One

Shops:
D:4 (}?:

Annotations:
D:9 Chiseanne's ghost, experienced DsWn


Innate Abilities, Weirdness & Mutations

You have a pair of small antennae on your head.
You are partially covered in thin metallic scales (AC +2).
Your flesh is cold resistant.
A meltable icy envelope protects you from harm (AC +0).
You are partially covered in sharp spines.
You are immune to freezing clouds.


Message History

* * * LOW HITPOINT WARNING * * *
You hit Chiseanne's ghost but do no damage.
Chiseanne's ghost is severely damaged.
Chiseanne's ghost casts a spell at you. The flame tongue misses you.
Unknown command.
Wield which item (- for none, * to show all)? (? for menu, Esc to quit)
You feel less protected.
You hear the crackle of electricity.
d - a +2 broad axe of electrocution (weapon)
Chiseanne's ghost gestures at you while chanting.
You are unaffected.
You barely miss Chiseanne's ghost.
Chiseanne's ghost is severely damaged.
Chiseanne's ghost barely misses you.
You slash Chiseanne's ghost!
Chiseanne's ghost is almost destroyed.
Chiseanne's ghost points at you and mumbles some strange words.
The flame tongue hits you!
You die...

...............#
.........##....#
.........##....#
.....[...##....#
.........##....#
.........##....#
.........##....#
.........##....####.#
.........##.....@W..#
...[......>...#######
..............#
........#####.#
#######.# #.#######
#.# #..<....# #.#
#.......# #.#
#.......# #.#
#.......#


You could see Chiseanne's ghost.

Vanquished Creatures
  A two-headed ogre (D:8)
  A spriggan (D:8)
  Eustachio (D:5)
  Menkaure (D:7)
  Edmund (D:4)
  A water moccasin (D:7)
  Duvessa (D:5)
  A black bear (D:8)
  An ice beast (D:7)
  A sky beast (D:9)
  3 ogres
  3 orc warriors
  A phantom (D:8)
  The ghost of Xiguana the Cudgeler, an average GrBe of Trog (D:3)
  2 giant frogs
  A big kobold (D:9)
  Dowan (D:5)
  3 scorpions
  4 killer bees (D:8)
  7 wights
  A giant frog zombie (D:8)
  A crimson imp (D:8)
  A quasit (D:8)
  10 orc wizards
  Crazy Yiuf (D:2)
  10 orc priests
  Ijyb (D:2)
  A giant frog skeleton (D:6)
  2 jellies
  2 worker ants
  4 hounds
  An iguana (D:8)
  A killer bee zombie (D:7)
  A hound zombie (D:6)
  4 hound skeletons
  7 gnolls
  16 adders
  An ooze (D:2)
  An adder zombie (D:8)
  An adder skeleton (D:4)
  3 worms
  6 giant geckos
  28 orcs
  6 giant cockroaches
  21 hobgoblins
  8 jackals
  21 kobolds
  5 quokkas
  10 bats
  3 giant newts
  16 goblins
  10 rats
240 creatures vanquished.

Vanquished Creatures (others)
  An orc wizard (D:3)
1 creature vanquished.

Grand Total: 241 creatures vanquished

Notes
Turn   | Place    | Note
--------------------------------------------------------------
     0 | D:1      | Chiseanne the Demonspawn Wanderer began the quest for the Orb.
     0 | D:1      | Chiseanne set off with: a +2 hand crossbow, 24 bolts, a +0 ring mail, a potion of curing, a bread ration
     0 | D:1      | Reached XP level 1. HP: 15/15 MP: 1/1
   340 | D:1      | Reached skill level 1 in Dodging
   527 | D:2      | Reached skill level 1 in Armour
   527 | D:2      | Gained mutation: Your flesh is cold resistant. [demonic ancestry]
   527 | D:2      | Reached XP level 2. HP: 7/21 MP: 2/2
  1559 | D:2      | Gained mutation: You are partially covered in sharp spines. [demonic ancestry]
  1559 | D:2      | Reached XP level 3. HP: 18/26 MP: 3/3
  1861 | D:2      | Noticed Ijyb
  1881 | D:2      | Killed Ijyb
  1881 | D:2      | Reached XP level 4. HP: 15/33 MP: 4/4
  2095 | D:2      | Found a shimmering altar of Xom.
  2096 | D:2      | Found a glowing golden altar of the Shining One.
  2096 | D:2      | Found a shadowy altar of Dithmenos.
  2096 | D:2      | Found a deep blue altar of Sif Muna.
  2096 | D:2      | Found a shattered altar of Ashenzari.
  2099 | D:2      | Found a snail-covered altar of Cheibriados.
  2100 | D:2      | Found an ancient bone altar of Kikubaaqudgha.
  2105 | D:2      | Became a worshipper of Cheibriados the Contemplative
  2403 | D:2      | Noticed Crazy Yiuf
  2412 | D:2      | Killed Crazy Yiuf
  2868 | D:3      | Gained mutation: You are immune to freezing clouds. [demonic ancestry]
  2868 | D:3      | Reached XP level 5. HP: 39/39 MP: 5/5
  2909 | D:3      | Reached skill level 1 in Invocations
  3202 | D:3      | Acquired Cheibriados's first power
  3259 | D:3      | Found a burning altar of Makhleb.
  3400 | D:3      | Found a sacrificial altar of Ru.
  3430 | D:3      | Noticed Xiguana's ghost (average GrBe)
  3436 | D:3      | Reached XP level 6. HP: 46/46 MP: 8/8
  3447 | D:3      | Killed Xiguana's ghost
  3456 | D:3      | Noticed an orc warrior
  3468 | D:3      | Killed an orc warrior
  3721 | D:3      | Reached skill level 4 in Invocations
  3886 | D:4      | Found Tymar's Weapon Shop.
  3893 | D:4      | Gained mutation: You are partially covered in thin metallic scales (AC +2). [demonic ancestry]
  3893 | D:4      | Reached XP level 7. HP: 34/52 MP: 10/10
  4117 | D:4      | Found Kecoo's General Store.
  4251 | D:4      | Found a shattered altar of Ashenzari.
  4294 | D:4      | Found Tiratoppo's Book Emporium.
  4309 | D:4      | Found Nytityn's Magic Scroll Shoppe.
  4314 | D:4      | Bought a scroll of fear for 35 gold pieces
  4314 | D:4      | Bought a scroll of fog for 20 gold pieces
  4314 | D:4      | Bought a scroll of blinking for 75 gold pieces
  4397 | D:4      | Found a staircase to the Ecumenical Temple.
  4440 | D:4      | Found Bopsugis's Gadget Shop.
  4682 | D:5      | Entered Level 5 of the Dungeon
  4689 | D:5      | Noticed Edmund
  4822 | D:3      | Acquired Cheibriados's second power
  4826 | D:3      | Reached skill level 5 in Invocations
  5044 | D:4      | Killed Edmund
  5433 | D:5      | Reached skill level 5 in Armour
  5433 | D:5      | Reached skill level 6 in Invocations
  5433 | D:5      | Gained mutation: A meltable icy envelope protects you from harm (AC +0). [demonic ancestry]
  5433 | D:5      | Reached XP level 8. HP: 46/60 MP: 12/12
  5527 | D:5      | Noticed Eustachio
  5530 | D:5      | Noticed Duvessa
  5533 | D:5      | Noticed Dowan
  5546 | D:5      | Killed Duvessa
  5548 | D:5      | Killed Eustachio
  5548 | D:5      | Killed Dowan
  5548 | D:5      | Reached skill level 7 in Invocations
  6230 | D:6      | Learned a level 2 spell: Stoneskin
  6539 | D:6      | Acquired Cheibriados's third power
  7065 | D:7      | Noticed Menkaure
  7068 | D:7      | Killed Menkaure
  7085 | D:7      | Reached skill level 8 in Invocations
  7125 | D:7      | Gained mutation: You have a pair of small antennae on your head. [demonic ancestry]
  7125 | D:7      | Reached XP level 9. HP: 25/67 MP: 15/15
  7394 | D:7      | Reached skill level 5 in Fighting
  7614 | D:7      | Found an opulent altar of Gozag.
  8355 | D:8      | Reached skill level 9 in Invocations
  8482 | D:8      | Acquired Cheibriados's fourth power
  8675 | D:8      | Found an iron altar of Okawaru.
  8702 | D:8      | Reached skill level 5 in Dodging
  8987 | D:8      | Reached skill level 10 in Invocations
  9214 | D:8      | Reached XP level 10. HP: 76/76 MP: 17/17
  9435 | D:4      | Bought a +2 broad axe of electrocution for 242 gold pieces
  9687 | D:9      | Found a staircase to the Lair.
  9761 | D:9      | Noticed Chiseanne's ghost (experienced DsWn)
  9782 | D:9      | Killed from afar by Chiseanne's ghost

Vault maps used:
D:1:      lightli_arrival_isolated_outpost
D:2:      minitemple, first_bread, kennysheep_generic_room_9,
          uniq_crazy_yiuf_cottage, uniq_iyjb
D:3:      grunt_temple_overflow_open, minmay_misc_feat_roman
D:4:      minmay_temple_entry_from_below_a, serial_shops, shop_fountains, shop,
          nicolae_shop_crystal, shop_fountains, kennysheep_mini_moat,
          cheibrodos_ashenzari_chains
D:5:      kennysheep_big_flooded_room, uniq_duvessa, uniq_eustachio, uniq_edmund
D:7:      old_standard_altar, uniq_menkaure
D:8:      okawaru_altar_gauntlet_db, the_bakery, kennysheep_big_empty_room
D:9:      lair_0_dummy

Action                   |  1- 3 |  4- 6 |  7- 9 | 10-12 || total
-------------------------+-------+-------+-------+-------++-------
Melee: Hand axe          |   105 |    95 |    14 |       ||   214
       Hammer            |       |       |   368 |    15 ||   383
       Broad axe         |       |       |       |    30 ||    30
 Fire: Hand crossbow     |     4 |       |       |       ||     4
       Blowgun           |       |    12 |     8 |       ||    20
Throw: Tomahawk          |       |       |    15 |     3 ||    18
Invok: Temporal Distorti |       |       |     2 |       ||     2
       Slouch            |       |       |     2 |       ||     2
  Use: Potion            |     1 |     5 |     1 |     2 ||     9
       Scroll            |       |     7 |     9 |       ||    16
 Stab: Invisible         |       |     2 |       |       ||     2
       Sleeping          |       |       |     4 |     1 ||     5
       Distracted        |       |       |       |     1 ||     1
  Eat: Chunk             |     3 |     6 |    10 |       ||    19
